[Event "Team 45 45 League T90"]
[Site "Internet Chess Club"]
[Date "2021.10.09"]
[Round "1"]
[White "Sloggi"]
[Black "Beetlejuice"]
[Result "1-0"]
[WhiteElo "1947"]
[BlackElo "1716"]
[Opening "Dutch, 2.Bg5 variation"]
[ECO "A80"]
[Time "10:12:35"]
[TimeControl "2700+45"]

1. d4 f5 2. Bg5 h6 3. Bh4 g5 4. Bg3 Nf6 5. e3 d6 6. c4 Bg7 7. Nc3 e6 8. Be2 Qe7
9. h4 g4 10. h5 Qf7 11. Qc2 Nxh5 12. Bh4 Nc6 13. O-O-O Bd7 14. Nb5 Bc8 15. a3 a6
16. Nc3 Bd7 17. Bd3 Bf6 18. Nge2 O-O-O 19. d5 Ne5 20. dxe6 Nxd3+ 21. Qxd3 Bxe6
22. Nd5 Bxh4 23. Rxh4 Nf6 24. Nef4 Kb8 25. Rdh1 Ne4 26. Qc2 Bxd5 27. Nxd5 h5 28.
Nf4 Rh7 29. Rxh5 Rdh8 30. Rxh7 Rxh7 31. Rxh7 Qxh7 32. Qe2 Qh4 33. f3 Ng5 34.
fxg4 fxg4 35. Kc2 Nf7 36. Nd3 Qh7 37. Kd2 Qf5 38. Qf2 Qe6 39. Qf4 Kc8 40. Ke2
Kd7 41. Kf2 Kc6 42. Kg3 Qg6 43. Nb4+ Kb6 44. Nd5+ Ka7 45. Nxc7 Ne5 46. Nd5 Qc2
47. Qd4+ Kb8 48. Nb4 Qg6 49. c5 a5 50. cxd6 axb4 51. Qxe5 {Black resigns} 1-0

[Event "Team 45 45 League T90"]
[Site "Internet Chess Club"]
[Date "2021.10.11"]
[Round "1"]
[White "Demachaeron"]
[Black "DeepPoo"]
[Result "0-1"]
[WhiteElo "1675"]
[BlackElo "1595"]
[Opening "French defense"]
[ECO "C00"]
[Time "13:02:21"]
[TimeControl "2700+45"]

1. e4 e6 2. Nf3 d5 3. exd5 exd5 4. d4 Bd6 5. Be2 Ne7 6. O-O h6 7. Be3 Be6 8.
Nbd2 Nd7 9. c4 c6 10. c5 Bc7 11. b4 Nf6 12. a4 Ng6 13. Qb3 O-O 14. Bd3 Ne7 15.
Rfe1 Bf5 16. Ra3 Bxd3 17. Qxd3 Ng6 18. Qf5 Qd7 19. Qxd7 Nxd7 20. Nf1 Nf6 21. Bc1
Rfe8 22. Rae3 Rxe3 23. Rxe3 Re8 24. Rxe8+ Nxe8 25. Ng3 Nf4 26. Kf1 Nd3 27. Bd2
Bf4 28. Bc3 Nc1 29. Ne2 Nxe2 30. Kxe2 Nf6 31. Kd3 Ne4 32. Be1 Bc1 33. b5 f6 34.
Ng1 Bf4 35. g3 Bc7 36. Ne2 Kf7 37. h4 f5 38. f3 Nf6 39. Nc3 Nh5 40. Ne2 g5 41.
hxg5 hxg5 42. Bd2 Kg6 43. f4 gxf4 44. Bxf4 Bxf4 45. Nxf4+ Nxf4+ 46. gxf4 Kh5 47.
a5 a6 48. bxc6 bxc6 49. Ke2 Kg4 50. Ke3 Kg3 {White resigns} 0-1

[Event "Team 45 45 League T90"]
[Site "Internet Chess Club"]
[Date "2021.10.08"]
[Round "1"]
[White "filmdirector"]
[Black "rookmaster23"]
[Result "0-1"]
[WhiteElo "1309"]
[BlackElo "1660"]
[Opening "Sicilian: closed, 2...Nc6"]
[ECO "B23"]
[Time "19:02:35"]
[TimeControl "2700+45"]

1. e4 c5 2. Nc3 Nc6 3. d3 e6 4. Be3 Nf6 5. h3 d5 6. Bg5 Be7 7. f4 h6 8. Bh4 O-O
9. e5 Nd7 10. Bxe7 Qxe7 11. Nb5 Qh4+ 12. Ke2 Qxf4 13. Nf3 Ndxe5 14. Nxe5 Qxe5+
15. Kd2 a6 16. Nc3 Qf4+ 17. Ke1 b5 18. Ne2 Qe3 19. g3 Nd4 20. Rh2 Nf3# {White
checkmated} 0-1

[Event "Team 45 45 League T90"]
[Site "Internet Chess Club"]
[Date "2021.10.09"]
[Round "1"]
[White "fvafier"]
[Black "Signofthetimes"]
[Result "0-1"]
[WhiteElo "1522"]
[BlackElo "1572"]
[Opening "QGD Slav: 4.Nc3"]
[ECO "D15"]
[Time "10:01:47"]
[TimeControl "2700+45"]

1. d4 c6 2. Nf3 d5 3. c4 Nf6 4. Nc3 Bg4 5. Ne5 e6 6. Nxg4 Nxg4 7. Bf4 Bb4 8. a3
Bxc3+ 9. bxc3 Qa5 10. Bd2 Nf6 11. cxd5 Qxd5 12. f3 O-O 13. e4 Qd8 14. Be2 Nbd7
15. O-O Rc8 16. Rb1 b5 17. a4 a6 18. Be3 Nb6 19. axb5 cxb5 20. Qb3 Qc7 21. Rfc1
Nc4 22. Bxc4 Qxc4 23. Qxc4 Rxc4 24. Ra1 Ra8 25. Ra5 h6 26. Kf1 Nd7 27. Bd2 Nb6
28. Ke2 Ra4 29. Rxa4 Nxa4 30. c4 bxc4 31. Rxc4 Nb6 32. Rc6 Nd7 33. Ba5 Kf8 34.
Ke3 Ke8 35. d5 exd5 36. exd5 Ne5 37. Rc7 g5 38. Ke4 Nd7 39. d6 Rd8 40. Kd5 Rb8
41. Bc3 Rb5+ 42. Kd4 f6 43. Ra7 Nb8 44. Kc4 f5 45. Rh7 Nd7 46. Rxh6 Rc5+ 47. Kd4
a5 48. Rh8+ Kf7 49. Rh7+ Ke6 50. Rxd7 Rxc3 51. Rg7 Rc2 52. Kd3 Rc8 53. Rg6+ Kd7
54. Kd4 a4 55. Kd5 Rc2 56. Rg7+ Kc8 57. Rc7+ Rxc7 58. dxc7 Kxc7 59. Kc4 Kd6 60.
g3 g4 61. fxg4 fxg4 62. Kb4 Ke5 63. Kxa4 Ke4 64. Kb4 Kf3 65. Kc3 Kg2 66. h4 gxh3
{White resigns} 0-1

[Event "Team 45 45 League T90"]
[Site "Internet Chess Club"]
[Date "2021.10.09"]
[Round "1"]
[White "Goli"]
[Black "hipopotamos"]
[Result "0-1"]
[WhiteElo "1756"]
[BlackElo "1723"]
[Opening "Ruy Lopez: Schliemann defense"]
[ECO "C63"]
[Time "15:30:25"]
[TimeControl "2700+45"]

1. e4 e5 2. Nf3 Nc6 3. Bb5 f5 4. Bxc6 dxc6 5. Nc3 Bd6 6. O-O Nf6 7. Re1 O-O 8.
d4 exd4 9. Nxd4 fxe4 10. Nxe4 Nxe4 11. Rxe4 c5 12. Be3 cxd4 13. Bxd4 Bf5 14. Re1
Qh4 15. g3 Qh3 16. c4 Bg4 17. Qd3 Rf3 18. Re3 Rxf2 19. Kxf2 Qxh2+ 20. Ke1 Rf8
21. Re4 Bb4+ {White resigns} 0-1

[Event "Team 45 45 League T90"]
[Site "Internet Chess Club"]
[Date "2021.10.10"]
[Round "1"]
[White "Egmont"]
[Black "nidusin2"]
[Result "0-1"]
[WhiteElo "1521"]
[BlackElo "1637"]
[Opening "Queen's pawn: Keres defense"]
[ECO "A40"]
[Time "12:05:19"]
[TimeControl "2700+45"]

1. d4 e6 2. c4 b6 3. Nc3 Bb7 4. a3 c5 5. Nf3 Qc7 6. e4 g6 7. d5 d6 8. Nb5 Qd8 9.
Bg5 f6 10. Bf4 a6 11. Nc3 e5 12. Be3 Bh6 13. Qd2 Bxe3 14. Qxe3 Qd7 15. Bd3 Qg7
16. g4 Bc8 17. Rg1 Qh6 18. Qxh6 Nxh6 19. g5 fxg5 20. Nxg5 Nf7 21. f4 exf4 22.
Nxf7 Kxf7 23. Ne2 f3 24. Rf1 Bg4 25. Ng1 Kg7 26. Nxf3 Nd7 27. Ng5 Ne5 28. Be2
Bxe2 29. Kxe2 Nxc4 30. Ne6+ Kh6 31. Rf3 g5 32. Rg1 Ne5 33. Rh3+ Kg6 34. Rxg5+
Kf6 35. Rh6+ Ng6 36. h4 Rae8 37. h5 Rxe6 38. dxe6 Kxg5 39. Rxg6+ hxg6 {White
resigns} 0-1

[Event "Team 45 45 League T90"]
[Site "Internet Chess Club"]
[Date "2021.10.06"]
[Round "1"]
[White "Timmah4651"]
[Black "ascoli"]
[Result "1/2-1/2"]
[WhiteElo "1589"]
[BlackElo "1653"]
[Opening "English opening"]
[ECO "A30"]
[Time "22:00:36"]
[TimeControl "2700+45"]

1. Nf3 Nf6 2. c4 c5 3. g3 d5 4. Bg2 dxc4 5. Qa4+ Nc6 6. Qxc4 e5 7. d3 Be6 8. Qc2
Be7 9. Nc3 O-O 10. O-O h6 11. Nd2 Rc8 12. Nde4 Nxe4 13. Nxe4 b6 14. Bd2 Qd7 15.
Bc3 Bh3 16. Qa4 Bxg2 17. Kxg2 Rfd8 18. f4 exf4 19. Rxf4 f5 20. Qc4+ Kh8 21. Qf7
Nd4 22. Bxd4 Qxd4 23. Nc3 Qf6 24. Rxf5 Qc6+ 25. Rf3 Bf6 26. Qxa7 Ra8 27. Qf7 Rd7
28. Qg6 Rd6 29. Ne4 Re6 30. Raf1 Be7 31. Qg4 Rxa2 32. Rf7 Rg6 33. Qf5 Rf6 34.
Rxf6 Bxf6 35. Kh3 Rxb2 36. Nxf6 gxf6 37. Qxf6+ Qxf6 38. Rxf6 Rxe2 39. Rxh6+ Kg7
40. Rxb6 Rd2 41. Rc6 Rxd3 42. Rxc5 Rd6 43. Rc2 Rh6+ 44. Kg2 Rf6 45. h4 Kg6 46.
Rf2 Re6 47. g4 Re4 48. Kg3 Re3+ 49. Rf3 Re4 50. Rb3 Re6 51. h5+ Kh6 52. Kh4 Re4
53. Rb6+ Kh7 54. h6 Re5 55. g5 Re4+ 56. Kh5 Re5 57. Rb7+ Kh8 58. h7 Re6 59. g6
Rxg6 60. Rc7 Rg7 61. Rxg7 Kxg7 62. h8=B+ {Game drawn because neither player has
mating material} 1/2-1/2

[Event "Team 45 45 League T90"]
[Site "Internet Chess Club"]
[Date "2021.10.09"]
[Round "1"]
[White "achessman"]
[Black "room-matt"]
[Result "1-0"]
[WhiteElo "1874"]
[BlackElo "1805"]
[Opening "Ruy Lopez: fianchetto (Smyslov/Barnes) defense"]
[ECO "C60"]
[Time "09:07:37"]
[TimeControl "2700+45"]

1. e4 e5 2. Nf3 Nc6 3. Bb5 g6 4. d4 exd4 5. Nxd4 Bg7 6. c3 Nf6 7. O-O Nxe4 8.
Re1 f5 9. f3 Nxd4 10. cxd4 c6 11. Bf1 d5 12. fxe4 dxe4 13. Be3 Be6 14. Nc3 Qd6
15. Qd2 O-O 16. g3 Rad8 17. Rad1 Rfe8 18. Kh1 a5 19. b3 b6 20. Na4 Qc7 21. Qc2
Bc8 22. Rc1 Bb7 23. Red1 Kh8 24. Bb5 Qd6 25. Bxc6 Qxc6 26. Qxc6 Bxc6 27. Rxc6 b5
28. Nc5 Rd5 29. Ne6 b4 30. Rdc1 Rd7 31. R1c5 Rde7 32. Nxg7 Kxg7 33. Rxa5 {Black
resigns} 1-0

[Event "Team 45 45 League T90"]
[Site "Internet Chess Club"]
[Date "2021.10.09"]
[Round "1"]
[White "cadmiumorange"]
[Black "laurenpar"]
[Result "0-1"]
[WhiteElo "1765"]
[BlackElo "1915"]
[Opening "Queen's pawn"]
[ECO "A40"]
[Time "05:01:52"]
[TimeControl "2700+45"]

1. d4 e6 2. Nc3 f5 3. e4 Nf6 4. Bg5 fxe4 5. Nxe4 Be7 6. Nxf6+ Bxf6 7. Bxf6 Qxf6
8. Nf3 b6 9. Be2 Bb7 10. Qd2 Nc6 11. O-O-O O-O-O 12. Rhf1 Ne7 13. Qg5 Rdf8 14.
h4 Ng6 15. Qb5 Nf4 16. Rd2 Nxe2+ 17. Qxe2 Bxf3 18. gxf3 Qxf3 19. Qa6+ Qb7 20.
Qb5 Rf5 21. Qb3 Rhf8 22. Qg3 g6 23. Qa3 Kb8 24. f4 R8f7 25. Rdf2 Qe4 26. Qd3
Qxd3 27. cxd3 Rh5 28. Kd2 Rxh4 29. Ke3 Rh3+ 30. Rf3 Rxf3+ 31. Rxf3 c6 32. Ke4
Kc7 33. Ke5 Rf5+ 34. Ke4 Kd6 35. Rh3 Rh5 36. Rg3 Ke7 37. b4 Rh2 38. a4 Re2+ 39.
Re3 Rxe3+ 40. Kxe3 Kf6 41. Ke4 h5 42. Kf3 Kf5 43. b5 h4 {White resigns} 0-1

[Event "Team 45 45 League T90"]
[Site "Internet Chess Club"]
[Date "2021.10.10"]
[Round "1"]
[White "ElValero"]
[Black "cysk"]
[Result "1-0"]
[WhiteElo "1641"]
[BlackElo "1742"]
[Opening "QGD: 4.Nf3"]
[ECO "D37"]
[Time "11:07:41"]
[TimeControl "2700+45"]

1. Nf3 Nf6 2. c4 e6 3. d4 d5 4. Nc3 Be7 5. cxd5 exd5 6. Bg5 O-O 7. e3 Re8 8. Bd3
Nbd7 9. O-O c6 10. Qc2 h6 11. Bh4 Ne4 12. Bxe7 Qxe7 13. Rab1 b6 14. b4 b5 15.
Nd2 Ndf6 16. Rfc1 Ng4 17. Ncxe4 dxe4 18. Nxe4 f5 19. Nc5 Nxf2 20. Qxf2 Qxe3 21.
Qxe3 Rxe3 22. Re1 f4 23. Rxe3 fxe3 24. Re1 Bg4 25. Rxe3 Kf7 26. h3 Bh5 27. g4
Bg6 28. Bxg6+ Kxg6 29. Re6+ Kf7 30. Rxc6 a5 31. a3 {Black resigns} 1-0

[Event "Team 45 45 League T90"]
[Site "Internet Chess Club"]
[Date "2021.10.09"]
[Round "1"]
[White "zugknightly"]
[Black "Colombiano07"]
[Result "1/2-1/2"]
[WhiteElo "1906"]
[BlackElo "1896"]
[Opening "QGD Slav: 4.Nc3"]
[ECO "D15"]
[Time "10:02:47"]
[TimeControl "2700+45"]

1. c4 c6 2. d4 d5 3. Nc3 Nf6 4. Nf3 a6 5. a4 Bf5 6. Qb3 Ra7 7. g3 e6 8. Bg5 Nbd7
9. Bg2 h6 10. Bxf6 Nxf6 11. O-O Bd6 12. Nd2 O-O 13. e4 dxe4 14. Ndxe4 Nxe4 15.
Nxe4 Be7 16. Rfd1 Qa5 17. d5 exd5 18. cxd5 Bxe4 19. Bxe4 cxd5 20. Rxd5 Qb4 21.
Qc2 Bf6 22. Rd7 Qxb2 23. Qxb2 Bxb2 24. Rb1 Ba3 25. Bd5 Bc5 26. Rbxb7 Rxb7 27.
Rxb7 a5 28. Kg2 g5 29. Rc7 Bb4 30. h4 gxh4 31. gxh4 Kg7 {Game drawn by mutual
agreement} 1/2-1/2

[Event "Team 45 45 League T90"]
[Site "Internet Chess Club"]
[Date "2021.10.08"]
[Round "1"]
[White "primerpaso"]
[Black "Ajolote"]
[Result "0-1"]
[WhiteElo "1908"]
[BlackElo "1939"]
[Opening "English opening"]
[ECO "A13"]
[Time "15:09:24"]
[TimeControl "2700+45"]

1. c4 e6 2. Nc3 d5 3. cxd5 exd5 4. d4 c6 5. g3 Nf6 6. Bg2 Bf5 7. Nf3 Bd6 8. O-O
h6 9. Ne5 Nbd7 10. Bf4 Qe7 11. Nxd7 Qxd7 12. Bxd6 Qxd6 13. Re1 O-O 14. Qb3 a5
15. Rac1 Rfe8 16. h3 Re7 17. a3 g5 18. Na4 Rae8 19. e3 h5 20. Nc5 h4 21. gxh4 g4
22. hxg4 Nxg4 23. Re2 Kh8 24. Nd3 Qh2+ 25. Kf1 Be4 26. Nf4 Bxg2+ 27. Ke1 Qxf4
28. exf4 Rxe2+ 29. Kd1 Nxf2# {White checkmated} 0-1

[Event "Team 45 45 League T90"]
[Site "Internet Chess Club"]
[Date "2021.10.08"]
[Round "1"]
[White "hipopotamos"]
[Black "fishhead"]
[Result "0-1"]
[WhiteElo "1704"]
[BlackElo "1765"]
[Opening "Sicilian: Najdorf, Lipnitzky attack"]
[ECO "B90"]
[Time "20:00:14"]
[TimeControl "2700+45"]

1. e4 c5 2. Nf3 d6 3. Nc3 a6 4. d4 cxd4 5. Nxd4 Nf6 6. Bc4 Qc7 7. Bb3 Nbd7 8.
O-O e6 9. f4 Nc5 10. Qe2 Be7 11. e5 Nxb3 12. cxb3 dxe5 13. fxe5 Bc5 14. exf6
Bxd4+ 15. Kh1 Bxf6 16. Nd5 Qe5 17. Nxf6+ gxf6 18. Qxe5 fxe5 19. Bh6 Rg8 20. Rae1
Bd7 21. Rxe5 Bc6 22. Rf2 Rd8 23. h3 Rd1+ 24. Kh2 Bd5 25. Bf4 f6 26. Rh5 Be4 27.
Bg3 Bf5 28. Rh4 Rd3 29. Bf4 Ke7 30. Bd2 Rdg3 31. Bc3 e5 32. Rb4 b5 33. a4 Bd7
34. axb5 axb5 35. Rh4 Bc6 36. Rxh7+ Ke6 37. h4 Bxg2 38. Rxg2 Rxg2+ 39. Kh1 R2g7
40. Rh5 Kd5 41. b4 Ke4 42. Rh6 Rg6 43. Rh7 Rg4 44. Rh5 Rf4 45. Kh2 Kf3 46. Rh6
Rg2+ 47. Kh3 Kf2 48. Be1+ Kf1 49. Bg3 Rf3 50. Rg6 f5 51. h5 f4 52. Kh4 Rfxg3 53.
Rxg3 Rxg3 54. b3 e4 55. h6 e3 56. h7 Rg1 57. h8=Q Rh1+ 58. Kg4 Rxh8 59. Kxf4 e2
60. Kg3 e1=Q+ 61. Kg4 Qe4+ 62. Kg3 Rg8+ 63. Kh3 Qh7# {White checkmated} 0-1

[Event "Team 45 45 League T90"]
[Site "Internet Chess Club"]
[Date "2021.10.08"]
[Round "1"]
[White "Portola"]
[Black "ascoli"]
[Result "1-0"]
[WhiteElo "1711"]
[BlackElo "1639"]
[Opening "Queen's pawn: Torre attack"]
[ECO "A46"]
[Time "07:03:32"]
[TimeControl "2700+45"]

1. d4 Nf6 2. Nf3 e6 3. Bg5 b6 4. e3 Bb7 5. Bd3 c5 6. c3 Nc6 7. Nbd2 Be7 8. Qc2
h6 9. Bf4 d5 10. h3 Rc8 11. Bb5 O-O 12. Bxc6 Bxc6 13. Ne5 Bb5 14. Qb3 a6 15. a4
Be8 16. O-O cxd4 17. cxd4 b5 18. axb5 Bxb5 19. Rfc1 Qb6 20. Rc3 Rxc3 21. bxc3
Rc8 22. c4 dxc4 23. Ndxc4 Qd8 24. Nd2 Nd5 25. Bg3 Bd6 26. Ne4 Bb8 27. Nc5 Bxe5
28. Bxe5 Qb6 29. Qd1 Nc3 30. Qg4 g6 31. Qh4 Rxc5 32. dxc5 Qxc5 33. Qf6 {Black
resigns} 1-0

[Event "Team 45 45 League T90"]
[Site "Internet Chess Club"]
[Date "2021.10.13"]
[Round "1"]
[White "ascoli"]
[Black "Redman1"]
[Result "0-1"]
[WhiteElo "1620"]
[BlackElo "1599"]
[Opening "Petrov's defense"]
[ECO "C42"]
[Time "08:00:32"]
[TimeControl "2700+45"]

1. e4 e5 2. Nf3 Nf6 3. d3 Nc6 4. g3 d5 5. Nbd2 Bc5 6. Bg2 O-O 7. O-O Bg4 8. h3
Bxf3 9. Qxf3 dxe4 10. dxe4 Nd4 11. Qd1 Re8 12. c3 Ne6 13. a4 a5 14. Qc2 Nd7 15.
Rd1 c6 16. Nc4 Qc7 17. Be3 Rad8 18. Bxc5 Ndxc5 19. b4 axb4 20. cxb4 Na6 21. b5
cxb5 22. axb5 Nd4 23. Rxd4 Rxd4 24. bxa6 Rxc4 25. Qb2 bxa6 26. Bf1 Rc2 27. Qb3
Qc5 28. Qf3 a5 {White resigns} 0-1

[Event "Team 45 45 League T90"]
[Site "Internet Chess Club"]
[Date "2021.10.11"]
[Round "1"]
[White "Chess4Him"]
[Black "Electryon"]
[Result "1-0"]
[WhiteElo "1536"]
[BlackElo "1452"]
[Opening "Queen's pawn"]
[ECO "A40"]
[Time "11:07:11"]
[TimeControl "2700+45"]

1. d4 e6 2. Bf4 f5 3. Nf3 Nf6 4. Nbd2 b6 5. c4 Bb7 6. e3 Bd6 7. Bg3 Nc6 8. Be2
O-O 9. O-O Bxg3 10. hxg3 Qe8 11. a3 Ng4 12. Nh2 Nxh2 13. Kxh2 Ne7 14. Rh1 Rf6
15. Kg1 d6 16. b4 e5 17. d5 f4 18. Bd3 h6 19. gxf4 exf4 20. e4 Ng6 21. Nf3 Bc8
22. Qc2 Bg4 23. Nd4 Ne5 24. f3 Bd7 25. Re1 Qg6 26. Kf1 Raf8 27. Re2 Qg3 28. Rf2
Kf7 29. Qe2 Rh8 30. Ke1 h5 31. Kd2 h4 32. Re1 Rg6 33. Nf5 Bxf5 34. exf5 Rg5 35.
Rg1 h3 36. Qf1 Rgh5 37. Qe1 Rg5 38. Kc3 hxg2 39. Rgxg2 Qxg2 40. Rxg2 Rxg2 41.
Qe4 Rh4 42. c5 Rg1 43. cxd6 Rc1+ 44. Bc2 cxd6 45. Kb2 Rf1 46. Qe2 Rxf3 47. Be4
Re3 48. Qc2 Kf6 49. Qc8 Rh2+ 50. Bc2 Nd3+ 51. Kb3 Ne1+ 52. Ka4 Rxc2 53. Qf8+ Kg5
54. Qxg7+ Kh5 55. Qg6+ Kh4 56. Qh6+ Kg4 57. Qg6+ Kf3 58. f6 Rg2 59. Qh5+ Kf2 60.
f7 Reg3 61. f8=Q Rg5 62. Qxf4+ Nf3 63. Qhxf3+ {Black resigns} 1-0

[Event "Team 45 45 League T90"]
[Site "Internet Chess Club"]
[Date "2021.10.07"]
[Round "1"]
[White "tryanything"]
[Black "Constrictor"]
[Result "0-1"]
[WhiteElo "1480"]
[BlackElo "1515"]
[Opening "Alekhine's defense: exchange variation"]
[ECO "B03"]
[Time "19:02:20"]
[TimeControl "2700+45"]

1. e4 Nf6 2. e5 Nd5 3. d4 d6 4. c4 Nb6 5. exd6 cxd6 6. Nf3 g6 7. Nc3 Bg7 8. Be2
O-O 9. O-O Nc6 10. h3 Bf5 11. Bd3 Qd7 12. Be3 Rac8 13. Bxf5 Qxf5 14. a3 Rfd8 15.
Rc1 Nxc4 16. Qc2 Nxe3 17. fxe3 Qxc2 18. Rxc2 Bh6 19. Kf2 e6 20. d5 Ne7 21. dxe6
fxe6 22. Re1 Nd5 23. Ree2 Nxc3 24. bxc3 Bg7 25. Nd4 Bxd4 26. exd4 Kf7 27. Ke3
Rc4 28. Kd3 Rdc8 29. g4 d5 30. h4 R8c6 31. g5 Ra6 32. Rf2+ Ke7 33. Ra2 Rca4 34.
Rf6 Rxa3 35. Raf2 Rc6 36. Rf7+ Kd6 37. Rc2 Rc7 38. Rf6 b5 39. Kd2 a5 40. Rf8 b4
41. cxb4 Rxc2+ 42. Kxc2 axb4 43. Rh8 Rc3+ 44. Kb2 Rc4 45. Rxh7 Rxd4 46. h5 gxh5
47. g6 Rg4 48. g7 h4 49. Kb3 h3 50. Rxh3 Rxg7 51. Kxb4 Rc7 {White resigns} 0-1

[Event "Team 45 45 League T90"]
[Site "Internet Chess Club"]
[Date "2021.10.11"]
[Round "1"]
[White "BrerRabbit"]
[Black "clarinetref"]
[Result "1/2-1/2"]
[WhiteElo "1376"]
[BlackElo "1443"]
[Opening "Neo-Grünfeld, 6.O-O c6"]
[ECO "D78"]
[Time "19:01:29"]
[TimeControl "2700+45"]

1. d4 d5 2. Nf3 g6 3. g3 Bg7 4. Bg2 Nf6 5. O-O O-O 6. c4 c6 7. b3 Bf5 8. Bb2 Na6
9. Nc3 Rb8 10. Ne5 Qc8 11. Rc1 Bh3 12. cxd5 Bxg2 13. Kxg2 Bh6 14. e3 c5 15. Na4
Nd7 16. Nxd7 Qxd7 17. dxc5 Rfd8 18. Rc4 Qxd5+ 19. Qxd5 Rxd5 20. Rd4 Nc7 21. Rxd5
Nxd5 22. Rd1 e6 23. a3 b5 24. Nc3 Bg7 25. Rd3 a5 26. e4 Nxc3 27. Bxc3 Bxc3 28.
Rxc3 b4 29. axb4 axb4 30. Rc4 Kf8 31. Kf3 f6 32. Ke3 Ke7 33. Rd4 Rb5 34. Kd3
Rxc5 35. Rxb4 Rc7 36. Rc4 Rb7 37. Kc3 Kd6 38. b4 f5 39. f3 fxe4 40. fxe4 Rb5 41.
Kd4 Rh5 42. h4 e5+ 43. Kc3 g5 44. hxg5 Rxg5 45. Kb3 Rxg3+ 46. Ka4 h5 47. b5 h4
48. b6 Rg8 49. Kb5 h3 50. Rc6+ Kd7 51. Rh6 Rg3 52. Kc5 {Game drawn by mutual
agreement} 1/2-1/2

[Event "Team 45 45 League T90"]
[Site "Internet Chess Club"]
[Date "2021.10.09"]
[Round "1"]
[White "AlWynJones"]
[Black "Grenadier"]
[Result "1-0"]
[WhiteElo "1249"]
[BlackElo "1534"]
[Opening "English: four knights, kingside fianchetto"]
[ECO "A29"]
[Time "10:00:26"]
[TimeControl "2700+45"]

1. c4 e5 2. Nc3 Nc6 3. Nf3 Nf6 4. g3 d6 5. e4 Bg4 6. h3 Bh5 7. Be2 Be7 8. Nxe5
Bxe2 9. Nxc6 Bxd1 10. Nxd8 Rxd8 11. Kxd1 Nd7 12. Nd5 c6 13. Nxe7 Kxe7 14. d4
Rhe8 15. b3 Kf8 16. Re1 c5 17. d5 Ne5 18. Re3 Rd7 19. Kd2 Rde7 20. Bb2 f6 21. a3
Nf7 22. f3 f5 23. Rae1 fxe4 24. h4 g6 25. Rxe4 Nh6 26. Bg7+ Kxg7 27. Rxe7+ Rxe7
28. Rxe7+ Kf6 29. Rxb7 Nf5 30. Rxh7 Nxg3 31. Rxa7 Nf5 32. Rh7 Nd4 33. b4 cxb4
34. axb4 Nxf3+ 35. Ke3 Ne5 36. c5 dxc5 37. bxc5 Kf5 38. c6 Nc4+ 39. Kd4 Nd6 40.
Rd7 Nb5+ 41. Kc5 Nc3 42. c7 Kf6 43. c8=Q {Black resigns} 1-0

[Event "Team 45 45 League T90"]
[Site "Internet Chess Club"]
[Date "2021.10.12"]
[Round "1"]
[White "GoIrish"]
[Black "trogers41"]
[Result "1-0"]
[WhiteElo "1541"]
[BlackElo "1290"]
[Opening "Catalan: closed, main line"]
[ECO "E09"]
[Time "13:02:37"]
[TimeControl "2700+45"]

1. d4 Nf6 2. Nf3 e6 3. g3 d5 4. Bg2 Be7 5. O-O O-O 6. c4 c6 7. Qc2 Nbd7 8. Nbd2
b6 9. e4 dxe4 10. Nxe4 Nxe4 11. Qxe4 Bb7 12. Qc2 c5 13. Rd1 Bxf3 14. Bxf3 Rc8
15. d5 e5 16. Be4 h6 17. Be3 Bg5 18. Bxg5 Qxg5 19. Bg2 Nf6 20. Re1 Ne8 21. h4
Qh5 22. Re3 f6 23. Bf3 Qf7 24. Bg4 f5 25. Bh3 e4 26. Rxe4 {Black resigns} 1-0

[Event "Team 45 45 League T90"]
[Site "Internet Chess Club"]
[Date "2021.10.09"]
[Round "1"]
[White "seldredg"]
[Black "seattleblues"]
[Result "0-1"]
[WhiteElo "1378"]
[BlackElo "1358"]
[Opening "Queen's pawn, Mason variation"]
[ECO "D00"]
[Time "19:01:06"]
[TimeControl "2700+45"]

1. d4 d5 2. Bf4 Nf6 3. e3 Bf5 4. c4 c6 5. Nd2 e6 6. Ngf3 Nbd7 7. a3 Qb6 8. Rb1
Bxb1 9. Qxb1 Be7 10. Ne5 O-O 11. Bd3 Rfd8 12. h3 Nf8 13. c5 Qa5 14. Qc2 Rdc8 15.
O-O Qd8 16. b4 N6d7 17. Ndf3 b5 18. g4 a5 19. g5 axb4 20. axb4 Ra4 21. Qb1 Nxe5
22. Bxe5 Rca8 23. Bc2 Ra3 24. Qd1 R8a7 25. g6 fxg6 26. Kh2 Qa8 27. Nd2 Ra1 28.
Qe2 Rxf1 29. Nxf1 Ra2 30. Qd3 Ra3 31. Bb3 Bh4 32. Kg2 Nd7 33. Bh2 Qf8 34. f4 Nf6
35. Ng3 Bxg3 36. Bxg3 Ne4 37. h4 Qf5 38. Qd1 Nc3 39. Bc2 Nxd1 40. Bxf5 exf5 41.
Kf3 Rxe3+ 42. Kg2 Rd3 {White resigns} 0-1

[Event "Team 45 45 League T90"]
[Site "Internet Chess Club"]
[Date "2021.10.08"]
[Round "1"]
[White "QuieroAprender"]
[Black "fvafier"]
[Result "1/2-1/2"]
[WhiteElo "1562"]
[BlackElo "1537"]
[Opening "Queen's bishop game"]
[ECO "D00"]
[Time "19:30:30"]
[TimeControl "2700+45"]

1. d4 d5 2. Bf4 Nf6 3. Nf3 e6 4. Nbd2 c5 5. e3 Bd6 6. Ne5 O-O 7. c3 Nc6 8. Ndf3
h6 9. Bd3 Qc7 10. Qc2 Nd7 11. Nxd7 Qxd7 12. Bg3 b6 13. Ne5 Nxe5 14. dxe5 Be7 15.
f4 f5 16. O-O-O Bb7 17. Qe2 c4 18. Bc2 Qc7 19. h4 b5 20. Qh5 Bc6 21. Qg6 Qc8 22.
Be1 Be8 23. Qg3 Bh5 24. Qh3 Bg4 25. Qh2 h5 26. Rd2 Qe8 27. Bd1 Qg6 28. Bf3 Rfd8
29. Bf2 b4 30. Kd1 bxc3 31. bxc3 Rab8 32. Ke2 a5 33. a4 Rb3 34. Ra2 Rxc3 35. Be1
Rb3 36. Bxa5 Rdb8 37. Rha1 Bc5 38. Bd2 Qf7 39. a5 Qa7 40. Qg1 Qa6 41. Kf2 d4 42.
Kg3 dxe3 43. Rc2 Bd4 44. Raa2 Ba7 45. Bc3 Rd8 46. Qf1 Rd3 47. Be1 Bc5 48. Be2
Bxe2 49. Qxe2 Bb4 50. Bxb4 Rxb4 51. Qxh5 e2+ 52. Kh2 e1=Q 53. Qe8+ Kh7 54. Qh5+
Kg8 55. Qe8+ Kh7 56. Qh5+ Kg8 57. Qe8+ {Game drawn by repetition} 1/2-1/2

[Event "Team 45 45 League T90"]
[Site "Internet Chess Club"]
[Date "2021.10.07"]
[Round "1"]
[White "manfredo"]
[Black "mongmong"]
[Result "1-0"]
[WhiteElo "1523"]
[BlackElo "1510"]
[Opening "French: advance, Nimzovich system"]
[ECO "C02"]
[Time "18:08:09"]
[TimeControl "2700+45"]

1. e4 e6 2. d4 d5 3. e5 c5 4. Nf3 Qb6 5. Bd3 Nc6 6. O-O cxd4 7. c3 Bd7 8. cxd4
Nxd4 9. Nxd4 Qxd4 10. Nc3 Qb6 11. Qg4 a6 12. Be3 Qa5 13. Rfc1 Ne7 14. a3 Ng6 15.
Bxg6 hxg6 16. b4 Qd8 17. Rc2 Be7 18. g3 O-O 19. h4 Rc8 20. Rac1 Bc6 21. Bg5 Bxg5
22. hxg5 Qd7 23. f3 b5 24. Rh2 f5 25. gxf6 gxf6 26. Qh4 Qg7 27. exf6 Rxf6 28.
Kg2 Bb7 29. Rch1 Rc4 30. Qh8+ Kf7 31. Rh7 {Black resigns} 1-0

[Event "Team 45 45 League T90"]
[Site "Internet Chess Club"]
[Date "2021.10.10"]
[Round "1"]
[White "julesraider"]
[Black "dalmata"]
[Result "1/2-1/2"]
[WhiteElo "1535"]
[BlackElo "1552"]
[Opening "QGD: exchange, positional line"]
[ECO "D35"]
[Time "13:00:22"]
[TimeControl "2700+45"]

1. d4 e6 2. c4 d5 3. Nc3 Nf6 4. cxd5 exd5 5. Bg5 Be7 6. Qc2 O-O 7. e3 Nc6 8. a3
Re8 9. Bd3 h6 10. Bh4 Bd6 11. Nb5 Be7 12. Bg3 Bd6 13. Nxd6 cxd6 14. Ne2 Qa5+ 15.
Qc3 Qxc3+ 16. bxc3 Ne4 17. Bxe4 dxe4 18. Bxd6 Be6 19. Rb1 b6 20. Kd2 Rad8 21.
Bg3 Na5 22. Kc2 Nc4 23. Ra1 Rd5 24. Nf4 Rb5 25. Rhb1 Rxb1 26. Kxb1 Bd7 27. Nd5
Re6 28. a4 Kf8 29. Kc2 Rg6 30. Nc7 f5 31. Kb3 Na5+ 32. Kb4 Rc6 33. Nb5 Rc4+ 34.
Ka3 Bxb5 35. axb5 Rxc3+ 36. Kb2 Rb3+ 37. Ka2 Rxb5 38. Rc1 a6 39. Rc8+ Kf7 40.
Rc7+ Kf6 41. Be5+ Ke6 42. Bxg7 h5 43. Ra7 Nc4 44. Rxa6 Rb2+ 45. Ka1 Rxf2 46. Bh6
Rxg2 47. Bf4 Kd5 48. Ra8 Rg6 49. Rd8+ Kc6 50. Rh8 Rg1+ 51. Ka2 Rg2+ 52. Kb3 Na5+
53. Kc3 Rg1 54. Rxh5 Rd1 55. Rxf5 Rd3+ 56. Kc2 Nc4 57. h4 Nxe3+ 58. Bxe3 Rxe3
59. h5 Rh3 60. Rf6+ Kb5 61. h6 e3 62. Kd1 Kc4 63. Rxb6 Kxd4 64. Ke2 Rh2+ 65. Ke1
Kd3 {Game drawn by mutual agreement} 1/2-1/2